TOP OF THE 1ST |
Southern California Trojans batting - Pitching for Kansas Jayhawks : LHP Lyle Quick
|
Pitching: LHP Lyle Quick
|
|
Batting: RHB José Hernández
|
0-0: Called Strike 0-1: Foul Ball, location: 2F 0-2: Ball 1-2: Ball 2-2: Fly out, F6 (Popup, 6MD)
|
Batting: RHB Ben Byrd
|
0-0: Fly out, F9 (Flyball, 9LM)
|
Batting: LHB Kel Smith
|
0-0: Ball 1-0: Ball 2-0: Ball 3-0: Called Strike 3-1: Base on Balls
|
Batting: RHB Mike Carter
|
0-0: Called Strike 0-1: Foul Ball, location: 2F 0-2: Strikes out swinging
|
Top of the 1st over - 0 run(s), 0 hit(s), 0 error(s), 1 left on base; Southern California 0 - Kansas 0 |
BOTTOM OF THE 1ST |
Kansas Jayhawks batting - Pitching for Southern California Trojans : LHP Kyle Harden
|
Pitching: LHP Kyle Harden
|
|
Batting: LHB Kevin Grimes
|
0-0: Swinging Strike 0-1: Ball 1-1: Called Strike 1-2: Strikes out swinging
|
Batting: LHB Francisco Blanco
|
0-0: Ball 1-0: SINGLE (Flyball, 8LS)
|
Batting: RHB Robbie Jenkins
|
0-0: Called Strike 0-1: Fly out, F4 (Popup, 34)
|
Batting: LHB Victor Stuart
|
0-0: Ball 1-0: Ball 2-0: Ball 3-0: Base on Balls Francisco Blanco to second
|
Batting: RHB Johnny Hawson
|
0-0: Foul Ball, location: 2F 0-1: Ball 1-1: Ball 2-1: SINGLE (Groundball, 4MD) Francisco Blanco to third Victor Stuart to second Runner from 3rd tries for Home, SAFE, no throw
|
Batting: RHB Dave Warren
|
0-0: Ball 1-0: Called Strike 1-1: Ball 2-1: SINGLE (Line Drive, 34D) Victor Stuart to third Johnny Hawson to second Runner from 3rd tries for Home, SAFE, no throw
|
Batting: LHB Tracy Bell
|
0-0: Fielders Choice at 2nd, 4-6 (Groundball, 34)
|
Bottom of the 1st over - 2 run(s), 3 hit(s), 0 error(s), 1 left on base; Southern California 0 - Kansas 2 |
TOP OF THE 2ND |
Southern California Trojans batting - Pitching for Kansas Jayhawks : LHP Lyle Quick
|
Batting: SHB Will O'Clerkin
|
0-0: DOUBLE (Line Drive, 7LM)
|
Batting: RHB Enrico Davis
|
0-0: Ball 1-0: Called Strike 1-1: Fly out, F7 (Flyball, 78M)
|
Batting: LHB Steve Herman
|
0-0: Fly out, F8 (Flyball, 8LM)
|
Batting: RHB Eddy Davenport
|
0-0: Called Strike 0-1: Ball 1-1: Fly out, F8 (Flyball, 78S)
|
Top of the 2nd over - 0 run(s), 1 hit(s), 0 error(s), 1 left on base; Southern California 0 - Kansas 2 |
BOTTOM OF THE 2ND |
Kansas Jayhawks batting - Pitching for Southern California Trojans : LHP Kyle Harden
|
Batting: RHB Cordell Grady
|
0-0: Foul Ball, location: 2F 0-1: Ball 1-1: SINGLE (Line Drive, 7S)
|
Batting: RHB Sean Budgeford
|
0-0: Ball 1-0: Ground out 5-3 (Groundball, 5S) Cordell Grady to second
|
Batting: LHB Kevin Grimes
|
0-0: Ball 1-0: Called Strike 1-1: SINGLE (Groundball, 4S) (infield hit) Cordell Grady to third
|
Batting: LHB Francisco Blanco
|
0-0: Ball 1-0: Ball 2-0: Called Strike 2-1: Called Strike 2-2: Foul Ball, location: 2F 2-2: Strikes out looking
|
Batting: RHB Robbie Jenkins
|
0-0: Fly out, F7 (Flyball, 7)
|
Bottom of the 2nd over - 0 run(s), 2 hit(s), 0 error(s), 2 left on base; Southern California 0 - Kansas 2 |
TOP OF THE 3RD |
Southern California Trojans batting - Pitching for Kansas Jayhawks : LHP Lyle Quick
|
Batting: RHB Wade Martin
|
0-0: Called Strike 0-1: Ball 1-1: SOLO HOME RUN (Flyball, 7D), Distance : 356 ft
|
Batting: RHB José Hernández
|
0-0: Fly out, F9 (Flyball, 9S)
|
Batting: RHB Ben Byrd
|
0-0: SINGLE (Line Drive, 7S)
|
Batting: LHB Kel Smith
|
0-0: Called Strike Ben Byrd steals 2nd base 0-1: Called Strike 0-2: Ball 1-2: Strikes out swinging, 2-3 out at first.
|
Batting: RHB Mike Carter
|
0-0: Ball 1-0: Foul Ball, location: 2F 1-1: Swinging Strike 1-2: Ball 2-2: Strikes out swinging
|
Top of the 3rd over - 1 run(s), 2 hit(s), 0 error(s), 1 left on base; Southern California 1 - Kansas 2 |
BOTTOM OF THE 3RD |
Kansas Jayhawks batting - Pitching for Southern California Trojans : LHP Kyle Harden
|
Batting: LHB Victor Stuart
|
0-0: Called Strike 0-1: Ball 1-1: DOUBLE (Line Drive, 7LS)
|
Batting: RHB Johnny Hawson
|
0-0: Foul Ball, location: 2F 0-1: Ball 1-1: Ball 2-1: Ball 3-1: Base on Balls
|
Batting: RHB Dave Warren
|
0-0: Ball 1-0: Ball 2-0: Ball 3-0: Base on Balls Victor Stuart to third Johnny Hawson to second
|
Batting: LHB Tracy Bell
|
0-0: Foul Ball, location: 2F 0-1: Fly out, F7 (Flyball, 7S)
|
Batting: RHB Cordell Grady
|
0-0: Ball 1-0: Foul Ball, location: 2F 1-1: DOUBLE (Groundball, 5L) Victor Stuart scores Johnny Hawson scores Dave Warren to third
|
Batting: RHB Sean Budgeford
|
0-0: Ball 1-0: Ball 2-0: Called Strike 2-1: Ball 3-1: Base on Balls
|
Batting: LHB Kevin Grimes
|
0-0: SINGLE (Line Drive, 5D) Dave Warren scores Cordell Grady to third Sean Budgeford to second Runner from 3rd tries for Home, SAFE, throw made home Sean Budgeford to third Kevin Grimes to second
|
Pitching: RHP Loren Jackson
|
|
Batting: LHB Francisco Blanco
|
0-0: Called Strike 0-1: Ball 1-1: Fly out, F7 (Flyball, 7LS)
|
Batting: RHB Robbie Jenkins
|
0-0: Ball 1-0: Called Strike 1-1: Ground out 6-3 (Groundball, 6)
|
Bottom of the 3rd over - 4 run(s), 3 hit(s), 0 error(s), 2 left on base; Southern California 1 - Kansas 6 |
TOP OF THE 4TH |
Southern California Trojans batting - Pitching for Kansas Jayhawks : LHP Lyle Quick
|
Batting: SHB Will O'Clerkin
|
0-0: Ball 1-0: Called Strike 1-1: Ball 2-1: Ground out 6-3 (Groundball, 6)
|
Batting: RHB Enrico Davis
|
0-0: Ball 1-0: Called Strike 1-1: Called Strike 1-2: Strikes out looking
|
Batting: LHB Steve Herman
|
0-0: Ball 1-0: Called Strike 1-1: Ball 2-1: Called Strike 2-2: Ball 3-2: Base on Balls
|
Batting: RHB Eddy Davenport
|
0-0: Ball 1-0: SINGLE (Line Drive, 6M) Steve Herman to second
|
Batting: RHB Wade Martin
|
0-0: Called Strike 0-1: 3-RUN HOME RUN (Flyball, 9LD), Distance : 323 ft
|
Batting: RHB José Hernández
|
0-0: Swinging Strike 0-1: Called Strike 0-2: Ball 1-2: Ball 2-2: Strikes out swinging
|
Top of the 4th over - 3 run(s), 2 hit(s), 0 error(s), 0 left on base; Southern California 4 - Kansas 6 |
BOTTOM OF THE 4TH |
Kansas Jayhawks batting - Pitching for Southern California Trojans : RHP Loren Jackson
|
Batting: LHB Victor Stuart
|
0-0: Ball 1-0: Foul Ball, location: 2F 1-1: Foul Ball, location: 2F 1-2: Ball 2-2: Ball 3-2: SINGLE (Groundball, 56D)
|
Batting: RHB Johnny Hawson
|
0-0: Ball 1-0: Swinging Strike 1-1: Called Strike 1-2: Foul Ball, location: 2F 1-2: Strikes out looking
|
Batting: RHB Dave Warren
|
0-0: Fly out, F5 (Line Drive, 5)
|
Batting: LHB Tracy Bell
|
0-0: Ball 1-0: Called Strike 1-1: Foul Ball, location: 2F 1-2: Ball 2-2: Ball 3-2: Base on Balls Victor Stuart to second
|
Batting: RHB Cordell Grady
|
0-0: Ball 1-0: Swinging Strike 1-1: Fielders Choice at 2nd, 6-4 (Groundball, 6)
|
Bottom of the 4th over - 0 run(s), 1 hit(s), 0 error(s), 1 left on base; Southern California 4 - Kansas 6 |
TOP OF THE 5TH |
Southern California Trojans batting - Pitching for Kansas Jayhawks : LHP Lyle Quick
|
Batting: RHB Ben Byrd
|
0-0: Fly out, F9 (Flyball, 9)
|
Batting: LHB Kel Smith
|
0-0: Ball 1-0: Swinging Strike 1-1: Foul Ball, location: 2F 1-2: Ground out 4-3 (Groundball, 4)
|
Batting: RHB Mike Carter
|
0-0: Called Strike 0-1: Ball 1-1: Fly out, F8 (Flyball, 8LM)
|
Top of the 5th over - 0 run(s), 0 hit(s), 0 error(s), 0 left on base; Southern California 4 - Kansas 6 |
BOTTOM OF THE 5TH |
Kansas Jayhawks batting - Pitching for Southern California Trojans : RHP Loren Jackson
|
Batting: RHB Sean Budgeford
|
0-0: Called Strike 0-1: Swinging Strike 0-2: Strikes out swinging
|
Batting: LHB Kevin Grimes
|
0-0: Foul Ball, location: 2F 0-1: Foul Ball, location: 2F 0-2: Reached on error, E6 (Groundball, 56D)
|
Batting: LHB Francisco Blanco
|
0-0: Foul Ball, location: 2F 0-1: Ball 1-1: Ball 2-1: Ball Kevin Grimes steals 2nd base 3-1: Foul Ball, location: 2F 3-2: Foul Ball, location: 2F 3-2: Base on Balls
|
Batting: RHB Robbie Jenkins
|
0-0: Ball 1-0: Ball 2-0: Foul Ball, location: 2F 2-1: Foul Ball, location: 2F 2-2: Fielders Choice at 2nd, 3-6 (Groundball, 34) Kevin Grimes to third
|
Batting: LHB Victor Stuart
|
0-0: Swinging Strike 0-1: Ball 1-1: Ball 2-1: Swinging Strike 2-2: Strikes out swinging
|
Bottom of the 5th over - 0 run(s), 0 hit(s), 1 error(s), 2 left on base; Southern California 4 - Kansas 6 |
TOP OF THE 6TH |
Southern California Trojans batting - Pitching for Kansas Jayhawks : LHP Lyle Quick
|
Batting: SHB Will O'Clerkin
|
0-0: Ball 1-0: Ground out 6-3 (Groundball, 6)
|
Batting: RHB Enrico Davis
|
0-0: Ball 1-0: Fly out, F9 (Flyball, 89D)
|
Batting: LHB Steve Herman
|
0-0: Ball 1-0: Called Strike 1-1: Called Strike 1-2: Foul Ball, location: 2F 1-2: Strikes out looking
|
Top of the 6th over - 0 run(s), 0 hit(s), 0 error(s), 0 left on base; Southern California 4 - Kansas 6 |
BOTTOM OF THE 6TH |
Kansas Jayhawks batting - Pitching for Southern California Trojans : RHP Loren Jackson
|
Batting: RHB Johnny Hawson
|
0-0: Ball 1-0: Called Strike 1-1: Ball 2-1: Foul Ball, location: 2F 2-2: Ball 3-2: DOUBLE (Line Drive, 7LM)
|
Batting: RHB Dave Warren
|
0-0: Intentional Walk
|
Pitching: RHP Jorge Escobar
|
|
Batting: LHB Tracy Bell
|
0-0: Ball 1-0: Ball 2-0: Ball 3-0: Called Strike 3-1: Called Strike 3-2: Foul Ball, location: 2F 3-2: Strikes out swinging
|
Batting: RHB Cordell Grady
|
0-0: Called Strike 0-1: Ball 1-1: Foul Ball, location: 2F 1-2: Ball 2-2: Strikes out looking
|
Batting: RHB Sean Budgeford
|
0-0: Called Strike 0-1: Swinging Strike 0-2: Fielders Choice at 2nd, 6-4 (Groundball, 6)
|
Bottom of the 6th over - 0 run(s), 1 hit(s), 0 error(s), 1 left on base; Southern California 4 - Kansas 6 |
TOP OF THE 7TH |
Southern California Trojans batting - Pitching for Kansas Jayhawks : LHP Lyle Quick
|
Batting: RHB Eddy Davenport
|
0-0: Swinging Strike 0-1: Ball 1-1: Swinging Strike 1-2: Ball 2-2: Ball 3-2: Strikes out swinging
|
Pitching: RHP Sean Vázquez
|
|
Batting: RHB Wade Martin
|
0-0: Called Strike 0-1: Ball 1-1: Ball 2-1: Ball 3-1: Base on Balls
|
Batting: RHB José Hernández
|
0-0: Ball 1-0: Ball 2-0: Ball 3-0: Base on Balls Wade Martin to second
|
Batting: RHB Ben Byrd
|
0-0: Fly out, F9 (Flyball, 9)
|
Pitching: LHP Pete Shirley
|
|
Batting: LHB Kel Smith
|
0-0: Called Strike 0-1: Ball 1-1: Ball Wild Pitch! Wade Martin to third José Hernández to second 2-1: Fly out, F3 (Popup, 34)
|
Top of the 7th over - 0 run(s), 0 hit(s), 0 error(s), 2 left on base; Southern California 4 - Kansas 6 |
BOTTOM OF THE 7TH |
Kansas Jayhawks batting - Pitching for Southern California Trojans : RHP Jorge Escobar
|
Batting: LHB Kevin Grimes
|
0-0: Called Strike 0-1: Swinging Strike 0-2: Strikes out swinging
|
Batting: LHB Francisco Blanco
|
0-0: Ball 1-0: Called Strike 1-1: Ball 2-1: Called Strike 2-2: Fly out, F8 (Flyball, 78D)
|
Batting: RHB Robbie Jenkins
|
0-0: Swinging Strike 0-1: Fly out, F4 (Flyball, 4D)
|
Bottom of the 7th over - 0 run(s), 0 hit(s), 0 error(s), 0 left on base; Southern California 4 - Kansas 6 |
TOP OF THE 8TH |
Southern California Trojans batting - Pitching for Kansas Jayhawks : LHP Pete Shirley
|
Pitching: LHP Ángel Rivera
|
|
Batting: RHB Mike Carter
|
0-0: Fly out, F9 (Flyball, 9S)
|
Batting: SHB Will O'Clerkin
|
0-0: Ball 1-0: Ground out 6-3 (Groundball, 6)
|
Batting: RHB Enrico Davis
|
0-0: Called Strike 0-1: Foul Ball, location: 2F 0-2: Foul Ball, location: 2F 0-2: Ball 1-2: Ball 2-2: Ground out 5-3 (Groundball, 56S)
|
Top of the 8th over - 0 run(s), 0 hit(s), 0 error(s), 0 left on base; Southern California 4 - Kansas 6 |
BOTTOM OF THE 8TH |
Kansas Jayhawks batting - Pitching for Southern California Trojans : RHP Jorge Escobar
|
Batting: LHB Victor Stuart
|
0-0: Ball 1-0: Ball 2-0: Foul Ball, location: 2F 2-1: DOUBLE (Line Drive, 7LM)
|
Batting: RHB Johnny Hawson
|
0-0: Intentional Walk
|
Pinch Hitting: RHB Manuel Cisneros
|
0-0: Sac Bunt - play at first, batter OUT! 5-3 Victor Stuart to third Johnny Hawson to second
|
Pinch Hitting: LHB Roy Woods
|
0-0: Intentional Walk
|
Batting: RHB Cordell Grady
|
0-0: Ball 1-0: Called Strike 1-1: Fly out, F5 (Popup, 5S)
|
Pinch Hitting: RHB George Gardner
|
0-0: Ball 1-0: Called Strike 1-1: Hit by Pitch Victor Stuart scores Johnny Hawson to third Roy Woods to second
|
Batting: LHB Kevin Grimes
|
0-0: Called Strike 0-1: Called Strike 0-2: Strikes out swinging
|
Bottom of the 8th over - 1 run(s), 1 hit(s), 0 error(s), 3 left on base; Southern California 4 - Kansas 7 |
TOP OF THE 9TH |
Southern California Trojans batting - Pitching for Kansas Jayhawks : LHP Ángel Rivera
|
Pitching: RHP Nate Trimble
|
|
Now at 3B: Allen Barlow
|
|
Now at SS: George Gardner
|
|
Now in LF: Manuel Cisneros
|
|
Batting: LHB Steve Herman
|
0-0: Fly out, F3 (Popup, 3L)
|
Batting: RHB Eddy Davenport
|
0-0: Ball 1-0: Called Strike 1-1: Ball 2-1: Foul Ball, location: 2F 2-2: Strikes out swinging
|
Batting: RHB Wade Martin
|
0-0: Ball 1-0: Foul Ball, location: 2F 1-1: Ball 2-1: Ground out 6-3 (Groundball, 6)
|
Top of the 9th over - 0 run(s), 0 hit(s), 0 error(s), 0 left on base; Southern California 4 - Kansas 7 |
|